 Dungeon Crawl Stone Soup version 0.25-a0-85-g7617fd2bc2 (webtiles) character file.

Game seed: 15640357074659345147, levelgen mode: deterministic

144 MrRokkomies the Skirmisher (level 5, -3/48 HPs)
             Began as a Ghoul Monk on Nov 8, 2019.
             Slain by Robin
             ... wielding a +0 short sword
              (4 damage)
             ... on level 2 of the Dungeon.
             The game lasted 00:02:51 (1483 turns).

MrRokkomies the Skirmisher (Ghoul Monk)             Turns: 1483, Time: 00:02:51

Health: -3/48      AC:  3    Str: 16    XL:     5   Next: 27%
Magic:  4/4        EV: 12    Int:  5    God:
Gold:   119        SH:  0    Dex: 11    Spells: 4/4 levels left

rFire    . . .     SeeInvis .     - Unarmed
rCold    + . .     Gourm    .   (no shield)
rNeg     + + +     Faith    .   a - +0 robe
rPois    ∞         Spirit   .   (no helmet)
rElec    .         Reflect  .   (no cloak)
rCorr    .         Harm     .   (no gloves)
MR       .....                  m - +0 pair of boots
Stlth    ++........             (no amulet)
HPRegen  0.00/turn              (no ring)
MPRegen  0.09/turn              (no ring)

@: rotting, hasted, very quick
A: rotting body, claws 1, carnivore, cold resistance 1, negative energy
resistance 3, inhibited regeneration, torment resistance, unbreathing
a: no special abilities


You were on level 2 of the Dungeon.
You were not hungry.

You visited 1 branch of the dungeon, and saw 2 of its levels.

You collected 119 gold pieces.

Inventory:

Missiles
 d - 4 poisoned darts (quivered)
Armour
 a - a +0 robe (worn)
 m - a +0 pair of boots (worn)
Wands
 j - a wand of flame (18)
 l - a wand of iceblast (8)
Scrolls
 c - 2 scrolls of magic mapping {unknown}
 e - 3 scrolls of remove curse
 f - 4 scrolls of teleportation {unknown}
 k - a scroll of immolation {unknown}
 n - a scroll of enchant armour {unknown}
Potions
 h - a potion of lignification
 i - a potion of haste
Comestibles
 b - 4 rations


   Skills:
 * Level 5.5 Fighting
 - Level 2.6 Dodging
 - Level 2.1 Stealth
 + Level 4.5 Unarmed Combat


You had 4 spell levels left.
You didn't know any spells.
Your spell library was empty.

Dungeon Overview and Level Annotations

Branches:
Dungeon (2/15)

Altars:

Annotations:
D:2 Robin


Innate Abilities, Weirdness & Mutations

Your body is rotting away.
You thrive on raw meat.
You are immune to poison.
You have sharp fingernails.
You are carnivorous and can eat meat at any time.
Your flesh is cold resistant. (rC+)
You are immune to negative energy. (rN+++)
You do not regenerate when monsters are visible.
You are immune to unholy pain and torment.
You can survive without breathing.


Message History

You closely miss the hobgoblin. The hobgoblin barely misses you.
You scratch the hobgoblin but do no damage.
The hobgoblin hits you but does no damage.
You barely miss the hobgoblin. The hobgoblin closely misses you.
You scratch the hobgoblin.
The hobgoblin is moderately wounded.
The hobgoblin hits you with a +0 club.
* * * LOW HITPOINT WARNING * * *
It was a potion of lignification.
You feel woody for a moment. The hobgoblin completely misses you.
It was a potion of haste.
You feel yourself speed up. The hobgoblin hits you with a +0 club.
* * * LOW HITPOINT WARNING * * *
You claw the hobgoblin!
You kill the hobgoblin!
You barely miss Robin. You barely miss Robin.
Robin hits you with a +0 short sword.
* * * LOW HITPOINT WARNING * * *
You barely miss Robin. Robin hits you with a +0 short sword.
You die...

...g..# ............
#...## ############
#..####### #
##..##...###########
##)##........).....
#)##...########..#
#)##.....# #..##
#g##.....# ##.##
#@##.....# #..#
#)##.....# #.##
#.##.....# #.####
#...#.#### ##.#...
###...#### #..#...
##.....###.##... ####
#..##.##....... ....
#.###.##...###.
.....###.##......###..


You could see Robin.

Vanquished Creatures
  Terence (D:2)
  5 gnolls
  3 adders (D:2)
  A worm (D:2)
  A leopard gecko (D:2)
  2 giant cockroaches
  12 goblins
  6 hobgoblins
  4 kobolds (D:1)
  A quokka (D:2)
  2 ball pythons (D:1)
  2 bats (D:1)
  3 frilled lizards
  2 rats
45 creatures vanquished.

Notes
Turn   | Place    | Note
-------+----------+-------------------------------------------
     0 | D:1      | MrRokkomies the Ghoul Monk began the quest for the Orb.
     0 | D:1      | Reached XP level 1. HP: 19/19 MP: 0/0
   193 | D:1      | Reached XP level 2. HP: 21/27 MP: 1/1
   323 | D:1      | Reached skill level 4 in Fighting
   341 | D:1      | Reached XP level 3. HP: 29/32 MP: 2/2
   960 | D:2      | Noticed Terence
  1018 | D:2      | Killed Terence
  1079 | D:2      | Reached XP level 4. HP: 16/41 MP: 3/3
  1341 | D:2      | Reached skill level 5 in Fighting
  1406 | D:2      | Reached XP level 5. HP: 31/45 MP: 4/4
  1447 | D:2      | Noticed Robin
  1482 | D:2      | HP: 1/48 [Robin/+0 short sword (5)]
  1483 | D:2      | Slain by Robin

Levels and vault maps discovered:
D:1:      psy_arrival_fountain, layout_basic
D:2:      layout_rooms, uniq_terence, uniq_robin

Skill      XL: |  1  2  3  4 |
---------------+-------------+-----
Fighting       | 4 5 |  5.5
Unarmed Combat | 4 |  4.5
Dodging        | |  2.6
Stealth        | |  2.1

Action                   |  1- 3 |  4- 6 || total
-------------------------+-------+-------++-------
Melee: Unarmed           |   121 |    63 ||   184
       Punch             |     1 |       ||     1
  Use: Scroll            |     2 |       ||     2
       Potion            |       |     3 ||     3
 Stab: Sleeping          |     1 |       ||     1
       Invisible         |       |     2 ||     2
  Eat: Chunk             |    10 |     8 ||    18
Armor: Robe              |    16 |     6 ||    22
Dodge: Dodged            |    66 |    28 ||    94

Table legend:
 A = Non-vault XP
 B = Vault XP
 C = Vault XP percentage of total XP
 D = Non-vault monster count
 E = Vault monster count
 F = Vault count percentage of total count
                 A         B        C        D         E       F
            +---------+---------+-------+---------+---------+-------
      Total |     155 |      52 |  25.1 |      34 |      11 |  24.4
            +---------+---------+-------+---------+---------+-------
        D:1 |      40 |       0 |   0.0 |      18 |       0 |   0.0
        D:2 |     115 |      52 |  31.1 |      16 |      11 |  40.7
            +---------+---------+-------+---------+---------+-------
